Map: Catalisador LE

Players

IagoAbreu

  • Race: Zerg Zerg
  • League: Gold
  • Spawn Location: 5:00

leonidas - Winner!

  • Race: Protoss Protoss
  • League: Silver
  • Spawn Location: 11:00

VOD

Have the link to the VOD?

Description

Time

  • Played on: March 10, 2018, 8:33 a.m.
  • Length: 30:58
Show
View Real Time Build Order
Export as new Build Order

IagoAbreu Zerg 

Build Orders: Pool First 

Get SALT Encoding   

  12  0:19  Spawning Pool  
  11  0:23  Drone  
  12  0:34  Drone  
  13  0:39  Overlord  
  13  0:41  Drone  
  14  0:55  Overlord  
  14  0:59  Extractor  
  14  1:02  Extractor  
  14  1:03  Drone  
  13  1:11  Queen  
  13  1:16  Drone  
  16  1:25  Drone  
  17  1:32  Drone  
  18  1:39  Drone  
  19  1:53  Drone  
  20  1:54  Metabolic Boost  
  20  2:03  Drone  
  21  2:16  Zergling x2  
  22  2:24  Zergling x6  
  22  2:28  Zergling x2  
  26  2:31  Burrow  
  26  2:36  Evolution Chamber  
  25  2:45  Zergling x2  
  26  2:57  Overlord  
  26  2:58  Overlord  
  26  3:02  Overlord  
  26  3:03  Overlord  
  26  3:21  Drone x2  
  28  3:33  Roach Warren  
  27  3:52  Zergling x10  
  27  3:54  Zerg Melee Weapons Level 1  
  32  4:01  Lair  
  32  4:13  Hatchery  
  31  4:23  Roach x2  
  35  4:27  Roach  
  37  4:34  Roach  
  41  4:38  Roach  
  41  4:44  Roach  
  43  4:51  Drone x2  
  47  5:07  Roach x3  
  51  5:21  Pneumatized Carapace  
  46  6:07  Zergling x8  
  50  6:15  Queen  
  52  6:19  Drone x3  
  55  6:36  Drone  
  57  6:40  Drone x3  
  59  6:49  Overlord x3  
  38  7:54  Overseer x3  
  29  8:09  Drone  
  29  8:10  Drone x2  
  30  8:29  Roach  
  30  8:30  Roach x6  
  30  8:31  Roach  
  46  8:36  Roach x2  
  46  8:38  Roach  
  52  9:24  Nydus Network  
  51  9:34  Hydralisk Den  
  50  10:17  Hatchery  
  48  10:37  Hydralisk x2  
  48  10:38  Hydralisk x5  
  48  10:40  Zergling x8  
  48  10:41  Zergling x14  
  73  12:01  Spire  
  73  12:06  Overseer  
  73  12:08  Hydralisk x5  
  74  12:12  Overlord x2  
  74  12:13  Overlord x3  
  74  12:15  Overseer  
  82  12:31  Overseer  
  82  12:42  Nydus Canal  
  82  12:52  Zergling x8  
  82  12:53  Zergling x14  
  82  12:54  Zergling x2  
  94  12:59  Zerg Missile Weapons Level 1  
  55  14:18  Mutalisk x4  
  55  14:20  Zergling x6  
  55  14:21  Zergling x16  
  55  14:22  Zergling x4  
  74  14:29  Extractor  
  74  14:31  Extractor  
  72  14:33  Drone  
  61  15:26  Roach x5  
  61  15:27  Roach x3, Zergling x4  
  70  15:32  Queen  
  70  15:34  Drone x3  
  47  16:16  Infestation Pit  
  46  16:28  Extractor  
  46  16:29  Extractor  
  46  16:30  Drone x3  
  47  16:36  Drone x4  
  47  16:38  Mutalisk x2  
  55  16:44  Mutalisk x5  
  65  17:00  Hive  
  65  17:50  Drone x5  
  65  17:51  Drone x3  
  73  18:02  Swarm Host x2  
  82  18:07  Hydralisk x6  
  82  18:10  Hydralisk  
  96  19:04  Greater Spire  
  96  19:07  Corruptor  
  96  19:08  Corruptor x6  
  110  19:24  Drone x2  
  110  19:25  Drone x2  
  110  19:31  Overlord x2  
  114  20:23  Brood Lord  
  114  20:26  Brood Lord x5  
  114  20:27  Brood Lord  
  128  20:33  Corruptor  
  130  20:41  Overlord x4  
  130  21:29  Brood Lord  
  132  21:39  Roach x6  
  146  21:40  Roach, Hydralisk x7  
  146  21:42  Zergling x4  
  162  21:47  Overlord x2  
  158  22:37  Corruptor x4  
  158  22:38  Corruptor x4  
  174  23:05  Overseer  
  174  23:30  Brood Lord  
  174  23:31  Brood Lord  
  178  23:38  Overseer  
  155  23:57  Nydus Canal  
  137  24:16  Corruptor x4  
  105  25:01  Hatchery  
  62  26:13  Hatchery  
    27:18  Zergling x6  
  3  28:50  Drone  
  1  29:44  Drone  
  2  30:23  Drone  
Show
View Real Time Build Order
Export as new Build Order

leonidas Protoss - Winner!

Build Orders:  

Get SALT Encoding   

  12  0:01  Probe (Chrono Boost)  
  13  0:18  Pylon  
  13  0:24  Probe  
  14  0:41  Gateway  
  14  0:50  Pylon  
  14  0:57  Probe (Chrono Boost)  
  15  0:58  Forge  
  15  1:09  Probe (Chrono Boost)  
  16  1:15  Probe (Chrono Boost)  
  17  1:24  Probe  
  18  1:33  Photon Cannon  
  18  1:36  Probe  
  19  1:46  Pylon  
  19  1:48  Probe  
  20  1:57  Cybernetics Core  
  20  2:00  Probe  
  20  2:01  Assimilator  
  21  2:03  Assimilator  
  21  2:12  Probe (Chrono Boost)  
  22  2:16  Photon Cannon  
  23  2:24  Probe (Chrono Boost)  
  23  2:29  Probe (Chrono Boost)  
  23  2:35  Photon Cannon  
  24  2:38  Probe  
  24  2:43  Photon Cannon  
  25  3:00  Shield Battery  
  25  3:03  Probe, Shield Battery  
  26  3:11  Pylon  
  26  3:15  Probe  
  27  3:26  Stargate  
  27  3:27  Probe (Chrono Boost)  
  28  3:38  Probe (Chrono Boost)  
  28  3:40  Photon Cannon  
  29  3:43  Probe (Chrono Boost)  
  30  3:49  Pylon  
  30  3:52  Pylon  
  30  4:04  Stargate  
  30  4:07  Probe  
  31  4:13  Oracle  
  34  4:32  Nexus  
  34  4:33  Probe  
  35  4:47  Photon Cannon  
  35  5:00  Photon Cannon, Pylon  
  35  5:55  Probe (Chrono Boost)  
  33  6:00  Probe (Chrono Boost)  
  35  6:05  Probe (Chrono Boost)  
  35  6:08  Probe (Chrono Boost)  
  36  6:12  Probe (Chrono Boost)  
  36  6:13  Gateway, Probe (Chrono Boost)  
  38  6:21  Probe  
  38  6:24  Probe  
  40  6:28  Gateway  
  40  6:30  Gateway  
  40  6:33  Probe  
  40  6:36  Probe  
  40  6:39  Gateway  
  42  6:42  Photon Cannon  
  43  6:47  Void Ray x2  
  43  6:49  Probe x2 (Chrono Boost)  
  52  6:56  Nexus  
  52  6:59  Probe (Chrono Boost)  
  54  7:01  Probe (Chrono Boost)  
  54  7:02  Pylon  
  55  7:08  Probe (Chrono Boost)  
  55  7:10  Probe (Chrono Boost)  
  56  7:16  Probe (Chrono Boost)  
  56  7:24  Probe  
  56  7:28  Photon Cannon  
  57  7:32  Photon Cannon  
  57  7:36  Probe  
  48  7:56  Pylon  
  32  8:05  Pylon  
  30  8:12  Pylon  
  30  8:13  Probe (Chrono Boost)  
  32  8:22  Probe (Chrono Boost)  
  32  8:24  Photon Cannon, Probe (Chrono Boost)  
  33  8:30  Probe (Chrono Boost)  
  33  8:32  Probe (Chrono Boost)  
  33  8:33  Probe (Chrono Boost)  
  36  8:39  Probe (Chrono Boost)  
  36  8:40  Probe (Chrono Boost)  
  39  8:42  Void Ray x2, Probe (Chrono Boost)  
  39  8:45  Probe (Chrono Boost)  
  39  8:47  Probe (Chrono Boost)  
  51  8:55  Assimilator  
  51  8:57  Probe x2 (Chrono Boost)  
  51  8:58  Assimilator, Probe (Chrono Boost)  
  52  9:05  Probe (Chrono Boost)  
  52  9:07  Probe (Chrono Boost)  
  54  9:13  Probe (Chrono Boost)  
  54  9:14  Probe (Chrono Boost)  
  57  9:18  Photon Cannon, Probe (Chrono Boost)  
  57  9:20  Photon Cannon  
  57  9:21  Probe (Chrono Boost)  
  57  9:22  Probe (Chrono Boost)  
  59  9:24  Pylon  
  59  9:25  Probe (Chrono Boost)  
  59  9:26  Probe (Chrono Boost)  
  59  9:29  Probe (Chrono Boost)  
  59  9:30  Pylon  
  64  9:41  Probe (Chrono Boost)  
  64  9:42  Probe (Chrono Boost)  
  64  9:44  Shield Battery, Probe (Chrono Boost)  
  65  9:47  Probe (Chrono Boost)  
  65  9:49  Photon Cannon  
  65  9:50  Probe x2 (Chrono Boost)  
  68  10:01  Probe (Chrono Boost)  
  71  10:08  Probe (Chrono Boost)  
  71  10:10  Probe (Chrono Boost)  
  71  10:11  Probe (Chrono Boost)  
  72  10:15  Probe x2 (Chrono Boost)  
  72  10:17  Probe  
  72  10:20  Assimilator  
  75  10:22  Assimilator  
  75  10:26  Probe  
  75  10:27  Probe  
  77  10:29  Gateway  
  77  10:32  Photon Cannon  
  77  10:37  Pylon  
  77  10:39  Photon Cannon, Probe  
  77  10:41  Shield Battery  
  78  10:43  Photon Cannon  
  78  10:51  Photon Cannon  
  78  10:53  Photon Cannon  
  78  10:55  Shield Battery  
  78  10:57  Probe  
  78  11:00  Photon Cannon  
  79  11:05  Pylon  
  79  11:11  Pylon  
  80  11:12  Probe (Chrono Boost)  
  80  11:15  Probe (Chrono Boost)  
  80  11:18  Void Ray x2  
  89  11:24  Probe (Chrono Boost)  
  89  11:25  Pylon  
  91  11:26  Probe (Chrono Boost)  
  91  11:29  Probe (Chrono Boost)  
  92  11:34  Probe (Chrono Boost)  
  93  11:43  Pylon  
  93  11:46  Probe (Chrono Boost)  
  94  11:52  Probe (Chrono Boost)  
  95  11:55  Photon Cannon  
  96  12:01  Probe (Chrono Boost)  
  96  12:03  Pylon  
  96  12:05  Probe (Chrono Boost)  
  97  12:11  Probe (Chrono Boost)  
  97  12:12  Photon Cannon  
  97  12:14  Photon Cannon, Probe (Chrono Boost)  
  99  12:17  Photon Cannon  
  99  12:25  Photon Cannon  
  99  12:28  Shield Battery  
  99  12:33  Gateway  
  99  12:35  Probe (Chrono Boost)  
  100  12:37  Gateway  
  100  12:42  Photon Cannon  
  101  12:45  Probe (Chrono Boost)  
  101  12:46  Shield Battery  
  101  12:50  Probe (Chrono Boost)  
  101  12:52  Photon Cannon  
  102  13:02  Void Ray x2, Probe  
  111  13:14  Probe  
  111  13:20  Pylon  
  85  13:43  Photon Cannon  
  89  14:00  Cybernetics Core  
  89  14:02  Forge  
  81  14:10  Photon Cannon  
  81  14:12  Pylon  
  77  14:25  Forge  
  77  14:37  Pylon  
  77  14:41  Photon Cannon  
  77  14:47  Photon Cannon, Shield Battery  
  77  15:07  Pylon  
  77  15:10  Pylon  
  77  15:17  Stargate  
  77  15:25  Photon Cannon  
  77  15:35  Photon Cannon  
  76  15:43  Photon Cannon  
  76  15:49  Probe (Chrono Boost)  
  77  15:57  Photon Cannon  
  77  15:58  Pylon, Probe (Chrono Boost)  
  77  16:03  Stargate  
  78  16:05  Photon Cannon  
  78  16:07  Void Ray  
  82  16:14  Stargate  
  82  16:17  Stargate  
  82  16:22  Pylon  
  82  16:25  Photon Cannon  
  82  16:26  Pylon  
  82  16:31  Shield Battery  
  82  16:43  Photon Cannon  
  82  16:44  Photon Cannon  
  82  16:47  Photon Cannon  
  82  16:49  Pylon  
  82  17:03  Void Ray x4  
  98  17:09  Shield Battery  
  98  17:14  Photon Cannon x2  
  98  17:17  Pylon  
  98  17:20  Pylon  
  98  17:27  Pylon  
  98  17:30  Pylon  
  98  17:32  Pylon  
  98  17:35  Pylon  
  98  17:38  Pylon  
  98  17:46  Void Ray x4  
  98  17:50  Photon Cannon  
  114  17:51  Photon Cannon  
  114  17:54  Photon Cannon  
  114  17:56  Photon Cannon  
  114  17:58  Photon Cannon  
  114  18:01  Nexus  
  114  18:06  Photon Cannon  
  114  18:08  Shield Battery  
  114  18:13  Shield Battery  
  114  18:16  Pylon  
  114  18:29  Shield Battery  
  114  18:30  Shield Battery  
  114  18:33  Shield Battery  
  114  18:37  Photon Cannon  
  114  18:41  Photon Cannon  
  114  18:45  Pylon  
  114  19:17  Assimilator  
  114  19:18  Assimilator  
  114  19:21  Probe (Chrono Boost)  
  115  19:28  Probe (Chrono Boost)  
  115  19:29  Void Ray x3  
  129  19:32  Probe (Chrono Boost)  
  129  19:35  Probe (Chrono Boost)  
  129  19:36  Shield Battery  
  130  19:40  Photon Cannon  
  130  19:55  Photon Cannon  
  130  19:57  Shield Battery  
  130  19:59  Photon Cannon  
  130  20:05  Probe (Chrono Boost)  
  131  20:10  Void Ray  
  136  20:15  Probe (Chrono Boost)  
  136  20:41  Void Ray x2  
  136  20:42  Nexus  
  144  20:56  Void Ray x2  
  152  21:28  Pylon  
  152  21:30  Pylon  
  152  21:33  Pylon  
  152  21:35  Pylon  
  152  21:38  Pylon  
  152  21:42  Void Ray x3  
  152  21:43  Pylon  
  164  21:48  Photon Cannon  
  164  21:50  Photon Cannon  
  164  21:52  Photon Cannon  
  164  21:55  Photon Cannon  
  164  22:01  Photon Cannon  
  164  22:06  Shield Battery  
  164  22:07  Shield Battery  
  164  22:10  Shield Battery  
  164  22:12  Shield Battery  
  164  22:17  Shield Battery  
  164  22:32  Nexus  
  164  22:36  Photon Cannon  
  162  22:39  Photon Cannon  
  162  22:42  Photon Cannon  
  159  22:44  Photon Cannon  
  159  22:46  Shield Battery  
  158  22:51  Photon Cannon  
  158  22:56  Pylon  
  158  23:03  Photon Cannon  
  158  23:15  Photon Cannon  
  158  23:22  Photon Cannon  
  158  23:31  Photon Cannon  
  137  25:54  Nexus  
  137  26:17  Void Ray x4  
  152  26:59  Void Ray  
  152  27:00  Void Ray x3  
  168  27:42  Void Ray  
  172  28:09  Void Ray x3  
  184  28:19  Assimilator  
  184  28:21  Assimilator  
Tags
 
Add a new tag
Caveats
  • Supply blocks, unpowered buildings, or Contaminate may cause inaccurate times.
  • Supply counts are checked every 10 seconds.